 Dungeon Crawl Stone Soup version 0.30-a0-279-g4b46babb21 (webtiles) character file.

Game seed: 17231447119521881111

340 Morbidden the Ducker (level 6, 0/48 HPs)
             Began as a Minotaur Venom Mage on Oct 16, 2022.
             Succumbed to a scorpion's poison
             ... on level 5 of the Dungeon.
             The game lasted 00:06:40 (4348 turns).

Morbidden the Ducker (Minotaur Venom Mage)          Turns: 4348, Time: 00:06:41

Health: 0/48       AC:  7    Str: 12    XL:     6   Next: 30%
Magic:  7/7        EV:  9    Int: 14    God:
Gold:   260        SH:  5    Dex: 11    Spells: 5/8 levels left

rFire   + . .      SeeInvis .    b - +0 morningstar
rCold   + + .      Faith    .    o - +2 buckler
rNeg    + . .      Spirit   .    e - +0 scale mail
rPois   +          Reflect  .    (helmet restricted)
rElec   +          Harm     .    u - +0 cloak {rCorr}
rCorr   +          Rampage  .    (no gloves)
Will    .....                    (no boots)
Stlth   ..........               q - amulet of magic regeneration
HPRegen 0.28/turn                m - ring of positive energy
MPRegen 0.50/turn                (no ring)

@: lethally poisoned (0 -> -5), resistant, marked, attractive
A: horns 2, retaliatory headbutt, cold resistance 1
a: no special abilities


You were on level 5 of the Dungeon.
You visited 1 branch of the dungeon, and saw 5 of its levels.

You collected 260 gold pieces.

Inventory:

Hand Weapons
 a - a +1 hand axe
 b - a +0 morningstar (weapon)
Missiles
 c - 6 poisoned darts
 r - a throwing net
 v - 5 boomerangs (quivered)
Armour
 e - a +0 scale mail (worn)
 o - a +2 buckler (worn)
 u - a +0 cloak of preservation (worn)
 w - a +0 pair of gloves
Jewellery
 j - an amulet of faith
 m - a ring of positive energy (left hand)
 q - an amulet of magic regeneration (around neck)
Wands
 s - a wand of polymorph (9)
Scrolls
 f - a scroll of identify
 i - a scroll of vulnerability
 k - a scroll of fog
 n - a scroll of enchant armour {unknown}
Potions
 d - 2 potions of magic
 g - a potion of mutation
 h - a potion of invisibility
 p - a potion of attraction


   Skills:
 * Level 2.0 Fighting
 * Level 2.5(2.8) Axes
 + Level 1.6(2.3) Maces & Flails
 * Level 2.9 Armour
 * Level 3.0 Dodging
 + Level 1.8 Stealth
 * Level 1.1 Shields
 * Level 1.8 Spellcasting
 * Level 1.5 Transmutations
 * Level 1.1 Air Magic
 * Level 2.8 Poison Magic


You had 5 spell levels left.
You knew the following spells:

 Your Spells              Type           Power      Damage    Failure   Level
a - Sting                 Tmut/Pois      28%        1d4       56%         1
b - Poisonous Vapours     Pois/Air       12%        N/A       75%         2

Your spell library contained the following spells:

 Spells                   Type           Power      Damage    Failure   Level
 Mephitic Cloud           Conj/Pois/Air  4%         N/A       96%         3
 Ozocubu's Armour         Ice            1%         N/A       99%         3
 Olgreb's Toxic Radiance  Pois           9%         N/A       99%         4
 Metabolic Englaciation   Hex/Ice        0%         N/A       100%        5
 Simulacrum               Ice/Necr       0%         N/A       100%        6


Dungeon Overview and Level Annotations

Branches:
Dungeon (5/15)
 Temple: D:4-7

Altars:
Elyvilon
Gozag
Yredelemnul

Annotations:
D:5 2 runed translucent doors, Tewichka's ghost, amateur MiMo


Innate Abilities, Weirdness & Mutations

You have a pair of horns on your head.
You reflexively headbutt those who attack you in melee.
Your flesh is cold resistant. (rC+)


Message History

The scorpion barely misses you.
Unknown command.
Unknown command.
Unknown command.
You feel very sick.
Your ufetubus hits the iguana.
Your ufetubus hits the iguana but does no damage.
The gnoll hits you but does no damage. The iguana bites you!
The water moccasin bites you.
* * * LOW HITPOINT WARNING * * *
Your white imp misses the water moccasin.
Unknown command.
Unknown command.
Unknown command.
Unknown command.
It was a potion of attraction.
You feel attractive to monsters.
You feel sick.
A hound comes into view.
Your ufetubus hits the iguana but does no damage.
Your ufetubus closely misses the iguana.
The water moccasin barely misses you.
The gnoll hits you from afar with a +0 spear.
* * * LOW HITPOINT WARNING * * *
The iguana bites you.
* * * LOW HITPOINT WARNING * * *
Your ufetubus closely misses the iguana. x2
Your white imp gestures at the water moccasin.
The puff of frost hits the water moccasin!
The hound is attracted toward you. The gnoll is attracted toward you.
Unknown command.
Unknown command.
Unknown command.
Unknown command.
Unknown command.
Unknown command.
Okay, then.
It was a potion of resistance.
You feel protected.
You die...

..# ##.## ###.#.###..... ..#
#...# ### ##~./..#≈##.... .##
#.#.## #.. #.#.....###.... ..#
#.#..#####... #~§⌠.#..##.....
#.###.#.......... #W≈~~...######
#..##....######.######++###### #.
.#.##...........##....§......# #.
.#.##....#####...g5h......##.###.
.#.##..#.# #..@S.g..§.####..##.
.#.....#.##.....5ls.##### ##....
.......#.##.##...g.## ##...
.....#.#..# ####...# #....
.>...#.##. ......# #.##. .....#..
.. .......# ..#.. ....###..
........ ####.. ...... ...
........ ##.. ....###.... ##...


You could see a water moccasin (ally target), a scorpion, an iguana (ally
target), a hound, 3 gnolls, a friendly white imp (summoned) and a friendly
ufetubus (summoned).

Vanquished Creatures
  Blork the orc (D:4)
  A hound (D:4)
  Crazy Yiuf (D:4)
  An iguana (D:4)
  Terence (D:2)
  7 adders
  A white imp (D:5)
  An ufetubus (D:5)
  3 worms (D:2)
  3 dart slugs
  8 orcs
  4 ball pythons
  6 endoplasms
  2 giant cockroaches
  4 goblins
  2 hobgoblins (D:1)
  6 jackals (D:4)
  2 quokkas
  4 bats (D:1)
  3 frilled lizards
  4 kobolds
  5 rats
70 creatures vanquished.

Notes
Turn   | Place    | Note
-------+----------+-------------------------------------------
     0 | D:1      | Morbidden the Minotaur Venom Mage began the quest for the
                  | Orb.
     0 | D:1      | Reached XP level 1. HP: 14/14 MP: 1/1
    30 | D:1      | Found a faded altar of an unknown god.
   297 | D:1      | Reached XP level 2. HP: 22/22 MP: 3/3
   757 | D:1      | Learned a level 2 spell: Poisonous Vapours
   890 | D:2      | Reached skill level 1 in Transmutations
   896 | D:2      | Reached XP level 3. HP: 27/27 MP: 4/4
   906 | D:2      | Noticed Terence
  1100 | D:2      | Reached skill level 1 in Armour
  1124 | D:2      | Reached skill level 1 in Axes
  1145 | D:2      | Gained mutation: Your flesh is cold resistant. (rC+)
                  | [potion of mutation]
  1148 | D:2      | Killed Terence
  1473 | D:2      | Reached XP level 4. HP: 33/34 MP: 5/5
  1923 | D:3      | Reached skill level 1 in Fighting
  2540 | D:4      | Found a white marble altar of Elyvilon.
  2583 | D:4      | Reached XP level 5. HP: 34/40 MP: 6/6
  2640 | D:4      | Found a runed translucent door.
  2641 | D:4      | Noticed Crazy Yiuf
  2699 | D:4      | Noticed Blork the orc
  2705 | D:4      | Killed Blork the orc
  2706 | D:4      | Reached skill level 1 in Maces & Flails
  2706 | D:4      | Reached skill level 1 in Shields
  3645 | D:4      | Killed Crazy Yiuf
  3646 | D:4      | Reached XP level 6. HP: 9/47 MP: 7/7
  3817 | D:5      | Entered Level 5 of the Dungeon
  4095 | D:5      | Reached skill level 1 in Air Magic
  4228 | D:5      | Found a basalt altar of Yredelemnul.
  4237 | D:5      | Found an opulent altar of Gozag.
  4250 | D:5      | Noticed a water moccasin
  4273 | D:4      | Reached skill level 3 in Dodging
  4323 | D:5      | Found a large runed translucent door.
  4323 | D:5      | Found a large runed translucent door.
  4326 | D:5      | Noticed Tewichka's ghost (amateur MiMo)
  4347 | D:5      | HP: 1/48 [iguana (6)]
  4348 | D:5      | Succumbed to a scorpion's poison

Illustrated notes

Levels and vault maps discovered:
D:1:      psy_arrival_dodecagon, layout_loops_ring,
          hellmonk_ecumenical_altar_zigzags, minmay_misc_feat_secret_circle,
          hangedman_decor_peaks_small, minmay_cupped
D:2:      layout_loops_ring, serial_rivers, chequers_serial_rivers_micro_d,
          chequers_serial_rivers_large_b, chequers_serial_rivers_small_b,
          chequers_serial_rivers_small_b, kennysheep_donut, uniq_terence
D:3:      layout_basic
D:4:      layout_basic, mainiacjoe_overflow_concentric_impassable,
          uniq_blork_the_orc, uniq_crazy_yiuf_cottage
D:5:      layout_rooms, nicolae_overflow_quartered_altars,
          ebering_ghost_disaster_area

Skill      XL: |  1  2  3  4  5  6 |
---------------+-------------------+-----
Transmutations | 1 |  1.5
Armour         | 1 2 |  2.9
Axes           | 1 2 |  2.5
Fighting       | 1 2 |  2.0
Maces & Flails | 1 |  1.6
Shields        | 1 |  1.1
Air Magic      | 1 |  1.1
Dodging        | 3 |  3.0
Stealth        | |  1.8
Spellcasting   | |  1.8
Poison Magic   | |  2.8

Action                   |  1- 3 |  4- 6 || total
-------------------------+-------+-------++-------
Melee: Hand axe          |    52 |       ||    52
       Headbutt          |     7 |    20 ||    27
       Morningstar       |     7 |   151 ||   158
Throw: Boomerang         |       |    10 ||    10
 Cast: Sting             |     9 |     3 ||    12
       Poisonous Vapours |       |     2 ||     2
  Use: Potion            |     3 |     4 ||     7
       Scroll            |     3 |     3 ||     6
 Stab: Sleeping          |     3 |       ||     3
       Invisible         |       |     2 ||     2
Armor: Robe              |     3 |       ||     3
       Leather armour    |    14 |       ||    14
       Scale mail        |     6 |    77 ||    83
       Skin              |       |    19 ||    19
Dodge: Dodged            |    46 |    87 ||   133
Block: Buckler           |     7 |    57 ||    64

Table legend: (Time is in decaauts)
 A = Elapsed time spent in this place.
 B = Non-inter-level travel time spent in this place.
 C = Inter-level travel time spent in this place.
 D = Time resting spent in this place.
 E = Time spent auto-exploring this place.
 F = Levels seen in this place.
 G = Mean time per level.
                   A        B        C        D        E       F      G
               +--------+--------+--------+--------+--------+-----+--------+
         Total |   4470 |   4337 |    133 |    188 |   3382 |   5 |  894.0 |
       Dungeon |   4470 |   4337 |    133 |    188 |   3382 |   5 |  894.0 |
               +--------+--------+--------+--------+--------+-----+--------+

Top non-repeatable levels by time:
     D:4: 1593 daAuts
     D:2: 1131 daAuts
     D:1: 783 daAuts
     D:3: 635 daAuts
     D:5: 327 daAuts
